 Dungeon Crawl Stone Soup version 0.29-a0-266-gf56f883ddd (webtiles) character file.

Game seed: 7625763781734033829

44 spaghetti the Skirmisher (level 3, 0/28 HPs)
             Began as a Demonspawn Gladiator on Mar 6, 2022.
             Succumbed to an adder's poison
             ... on level 2 of the Dungeon.
             The game lasted 00:01:36 (1435 turns).

spaghetti the Skirmisher (Demonspawn Gladiator)     Turns: 1435, Time: 00:01:37

Health: 0/28       AC:  3    Str: 15 (16) XL:     3   Next: 41%
Magic:  3/3        EV: 27    Int:  6 (9)  God:
Gold:   28         SH:  0    Dex: 12 (14) Spells: 2/2 levels left

rFire   . . .      SeeInvis .   a - +0 quarterstaff {staff}
rCold   . . .      Faith    .   (shield currently unavailable)
rNeg    . . .      Spirit   .   b - +0 leather armour
rPois   .          Reflect  .   (helmet restricted)
rElec   .          Harm     .   (no cloak)
rCorr   .          Rampage  .   (no gloves)
Will    .....                   (no boots)
Stlth   +.........              i - amulet of the acrobat
HPRegen 0.09/turn               (no ring)
MPRegen 0.08/turn               (no ring)

@: mighty, lethally poisoned (0 -> -7), acrobatic
A: horns 1
a: no special abilities


You were on level 2 of the Dungeon.
You visited 1 branch of the dungeon, and saw 2 of its levels.

You collected 28 gold pieces.


Innate Abilities, Weirdness & Mutations

You have a pair of small horns on your head.


   Skills:
 - Level 2.7 Fighting
 - Level 2.6 Staves
 - Level 1.7 Throwing
 - Level 2.6 Dodging
 + Level 2.2 Unarmed Combat


You had 2 spell levels left.
You didn't know any spells.
Your spell library contained the following spells:

 Spells                   Type           Power      Damage    Failure   Level
 Ensorcelled Hibernation  Hex/Ice        0%         N/A       67%         2
 Spider Form              Tmut/Pois      0%         N/A       88%         3
 Anguish                  Hex/Necr       0%         N/A       99%         4

Inventory:

Hand Weapons
 a - a +0 quarterstaff (weapon) {staff}
Missiles
 d - 3 throwing nets (quivered) {=f!fthrowing}
 e - a javelin {throwing}
 g - 40 stones {throwing}
Armour
 b - a +0 leather armour (worn)
 c - a +0 helmet
Jewellery
 i - an amulet of the acrobat (around neck)
   (You found it on level 1 of the Dungeon)
Scrolls
 k - a scroll of fog {unknown}
 l - a scroll of identify {@r1}
Potions
 f - a potion of haste {@q3}
 j - a potion of might

Dungeon Overview and Level Annotations

Branches:
Dungeon (2/15)

Altars:

###########
#:........#
#...@.....#
##.........##
#.........†..#
#.#..........####
# #......<....>..
#............##
##....##.....#
......# ##...#
.......# ...#


There were no monsters in sight!


Message History

No target in view!
No target in view!
No target in view!
No target in view!
No target in view!
No target in view!
No target in view!
No target in view!
No target in view!
No target in view!
Things that are here:
a +0 short sword {short}; a +0 club {mace} 😎 HP[+3]
Your hp is fully restored (28).
Key pressed, stopping explore.
(D) Dungeon
Where to? (Enter - D:2, ? - help)
There is a stone staircase leading down here.
You climb downwards.
Found a book of Flames.
Found a stone staircase leading down.
There is a stone staircase leading up here.
An adder is nearby!
Unknown command.
An adder is nearby!
An adder is nearby!
An adder is nearby!
An adder is nearby!
An adder is nearby!
The adder bites you. 😕 HP[-3]
You take 3 damage, and now have 25/28 hp.
You closely miss the adder. Your headbutt misses the adder.
The adder closely misses you.
You miss the adder. The adder barely misses you. The adder bites you. 😕 HP[-2]
You take 2 damage, and now have 23/28 hp.
You miss the adder. Your headbutt misses the adder. The adder bites you.
You are poisoned.
The adder poisons you! The adder bites you. 😮 HP[-2]
You take 2 damage, and now have 21/28 hp.
You are too injured to fight recklessly!
You are too injured to fight recklessly!
You are too injured to fight recklessly!
You are too injured to fight recklessly!
You are too injured to fight recklessly!
You are too injured to fight recklessly!
You are too injured to fight recklessly!
You are too injured to fight recklessly!
You are too injured to fight recklessly!
You are too injured to fight recklessly!
You are too injured to fight recklessly!
You are too injured to fight recklessly!
You are too injured to fight recklessly!
You closely miss the adder.
You feel sick. The adder bites you.
You are more poisoned.
The adder poisons you! 😮 HP[-4]
You take 4 damage, and now have 17/28 hp.
It was a potion of degeneration.
There was something very wrong with that liquid.
You feel weakened.
You feel dopey.
You feel clumsy.
You feel very sick. The adder closely misses you. 😮 HP[-2]
You take 2 damage, and now have 15/28 hp.
Unknown command.
It was a potion of might.
You feel very mighty all of a sudden.
You feel sick. The adder bites you.
* * * LOW HITPOINT WARNING * * *
The adder bites you.
* * * LOW HITPOINT WARNING * * *
You are lethally poisoned!
The adder poisons you! 😨 HP[-4]
You take 4 damage, and now have 11/28 hp.
You aren't carrying any items that you can evoke.
Unknown command.
You sock the adder!
You kill the adder!
* * * LOW HITPOINT WARNING * * *
You feel very sick.
Your Unarmed Combat skill increases to level 2! 😱 HP[-4]
You take 4 damage, and now have 7/28 hp.
Okay, then.
You aren't carrying any items that you can evoke.
There is a lethal amount of poison in your body!
There is a lethal amount of poison in your body!
There is a lethal amount of poison in your body!
There is a lethal amount of poison in your body!
* * * LOW HITPOINT WARNING * * *
You feel very sick. 😱 HP[-3]
You take 3 damage, and now have 4/28 hp.
* * * LOW HITPOINT WARNING * * *
You feel sick. 😱 HP[-2]
You take 2 damage, and now have 2/28 hp.
You die...

Skill      XL: |  1  2  3 |
---------------+----------+-----
Unarmed Combat | 1 2 |  2.2
Fighting       | |  2.7
Staves         | |  2.6
Throwing       | |  1.7
Dodging        | |  2.6

Action                   || total
-------------------------++-------
Melee: Quarterstaff      ||    87
       Headbutt          ||     9
  Use: Scroll            ||     1
       Potion            ||     2
Armor: Leather armour    ||    18
Dodge: Dodged            ||    66

Levels and vault maps discovered:
D:1:      dpeg_arrival_arbitrary_b, layout_basic
D:2:      layout_rooms, serial_shops, nicolae_diamond_shop

Notes
Turn   | Place    | Note
-------+----------+-------------------------------------------
     0 | D:1      | spaghetti the Demonspawn Gladiator began the quest for the
                  | Orb.
     0 | D:1      | Reached XP level 1. HP: 16/16 MP: 1/1
     0 | D:1      | magus.rc [v1.9.6]
    62 | D:1      | You pick up a book of Dreams and begin reading...
    62 | D:1      | You add the spells Ensorcelled Hibernation, Spider Form and
                  | Anguish to your library.
   564 | D:1      | You feel monstrous as your demonic heritage exerts itself.
   564 | D:1      | Discovered your monstrous ancestry.
   564 | D:1      | Gained mutation: You have a pair of small horns on your
                  | head. [demonic ancestry]
   564 | D:1      | Reached XP level 2. HP: 19/23 MP: 2/2
   828 | D:1      | Reached skill level 1 in Unarmed Combat
  1184 | D:1      | Reached XP level 3. HP: 28/28 MP: 3/3
  1432 | D:2      | HP: 7/28 [poisoned by an adder]
  1433 | D:2      | Reached skill level 2 in Unarmed Combat
  1434 | D:2      | HP: 2/28 [poisoned by an adder]
  1435 | D:2      | Succumbed to an adder's poison

Vanquished Creatures
  An adder (D:2)
  A dart slug (D:1)
  3 endoplasms (D:1)
  2 giant cockroaches (D:1)
  2 goblins (D:1)
  2 hobgoblins (D:1)
  6 jackals (D:1)
  3 quokkas (D:1)
  4 ball pythons (D:1)
  A frilled lizard (D:1)
  4 kobolds (D:1)
  2 rats (D:1)
31 creatures vanquished.

Table legend:
 A = Non-vault XP
 B = Vault XP
 C = Vault XP percentage of total XP
 D = Non-vault monster count
 E = Vault monster count
 F = Vault count percentage of total count
                 A         B        C        D         E       F
            +---------+---------+-------+---------+---------+-------
      Total |      64 |       0 |   0.0 |      31 |       0 |   0.0
            +---------+---------+-------+---------+---------+-------
        D:1 |      51 |       0 |   0.0 |      30 |       0 |   0.0
        D:2 |      13 |       0 |   0.0 |       1 |       0 |   0.0
            +---------+---------+-------+---------+---------+-------

Illustrated notes

Table legend:
 A = Kills in this place as a percentage of kills in entire the game.
 B = Kills by you in this place as a percentage of kills by you in the entire game.
 C = Kills by friends in this place as a percentage of kills by friends in the entire game.
 D = Other kills in this place as a percentage of other kills in the entire game.
 E = Experience gained in this place as a percentage of experience gained in the entire game.
 F = Experience gained in this place divided by the number of levels of this place that you have seen.
                   A       B       C       D       E      F
               +-------+-------+-------+-------+-------+----------------------
         Total | 100.0 | 100.0 |   N/A |   N/A | 100.0 |  32.0
       Dungeon | 100.0 | 100.0 |   N/A |   N/A | 100.0 |  32.0
               +-------+-------+-------+-------+-------+----------------------

Table legend: (Time is in decaauts)
 A = Elapsed time spent in this place.
 B = Non-inter-level travel time spent in this place.
 C = Inter-level travel time spent in this place.
 D = Time resting spent in this place.
 E = Time spent auto-exploring this place.
 F = Levels seen in this place.
 G = Mean time per level.
                   A        B        C        D        E       F      G
               +--------+--------+--------+--------+--------+-----+--------+
         Total |   1449 |   1408 |     41 |    223 |    982 |   2 |  724.5 |
       Dungeon |   1449 |   1408 |     41 |    223 |    982 |   2 |  724.5 |
               +--------+--------+--------+--------+--------+-----+--------+

Top non-repeatable levels by time:
     D:1: 1437 daAuts
     D:2: 11 daAuts
